Map: Lost and Found LE

Players

Elazer - Winner!

  • Race: Zerg Zerg
  • Spawn Location: 1:00

Zanster

  • Race: Zerg Zerg
  • Spawn Location: 7:00

Event: WCS Valencia 2018

VOD

Have the link to the VOD?

Description

Time

  • Played on: July 12, 2018, 1:44 p.m.
  • Length: 15:11

All games in this series

Show
View Real Time Build Order
Export as new Build Order

Elazer Zerg - Winner!

Build Orders: Hatch First 

Get SALT Encoding   

  12  0:00  Drone  
  13  0:12  Overlord  
  13  0:17  Drone  
  14  0:30  Drone x2  
  16  0:46  Hatchery  
  15  0:51  Drone  
  15  0:54  Drone  
  17  1:01  Drone  
  18  1:09  Extractor  
  17  1:12  Spawning Pool  
  17  1:16  Drone  
  17  1:19  Drone  
  18  1:28  Drone  
  19  1:38  Drone  
  20  1:49  Overlord  
  20  1:59  Queen x2  
  20  2:00  Drone  
  25  2:01  Drone  
  26  2:08  Metabolic Boost  
  26  2:11  Zergling x2, Drone  
  28  2:20  Zergling x2  
  28  2:22  Drone  
  30  2:31  Drone  
  30  2:32  Drone  
  32  2:38  Queen  
  32  2:39  Queen  
  36  2:50  Drone x2  
  36  2:54  Overlord  
  36  3:13  Drone x8  
  44  3:21  Baneling Nest  
  44  3:22  Overlord  
  44  3:24  Drone  
  44  3:31  Overlord  
  43  3:35  Overlord  
  43  3:40  Evolution Chamber  
  42  3:42  Drone x2  
  42  3:46  Zergling x2  
  42  3:48  Zergling x12  
  51  3:52  Queen  
  51  3:55  Roach Warren  
  53  3:56  Zergling x4  
  57  4:05  Baneling x2  
  57  4:07  Overlord  
  58  4:10  Drone  
  56  4:18  Baneling x2  
  56  4:25  Hatchery  
  56  4:26  Zergling x14  
  62  4:35  Drone, Evolution Chamber  
  62  4:37  Drone  
  63  4:52  Overlord  
  63  4:54  Drone  
  63  4:56  Drone  
  64  5:04  Zerg Missile Weapons Level 1  
  64  5:06  Extractor  
  63  5:08  Roach Warren  
  63  5:14  Drone x3  
  58  5:17  Drone  
  58  5:18  Drone x3  
  58  5:20  Lair  
  58  5:22  Extractor  
  58  5:25  Overlord  
  54  5:32  Drone x2  
  54  5:35  Drone  
  57  5:36  Drone x2  
  57  5:40  Drone x2  
  60  5:45  Overlord  
  60  5:47  Drone x3  
  60  5:48  Extractor, Drone  
  63  5:51  Drone  
  63  5:54  Drone  
  63  5:56  Extractor  
  64  6:00  Drone x2  
  66  6:04  Overlord  
  66  6:05  Roach x2  
  66  6:06  Hatchery  
  66  6:10  Roach x5  
  66  6:11  Pneumatized Carapace  
  79  6:15  Overlord  
  79  6:17  Glial Reconstitution  
  79  6:21  Roach x4  
  79  6:24  Overlord  
  87  6:29  Unknown, Roach x2  
  91  6:34  Overlord  
  91  6:38  Roach  
  91  6:39  Roach x5  
  103  6:45  Overlord, Roach  
  103  6:46  Roach  
  107  6:51  Roach  
  107  6:52  Roach x2  
  113  6:58  Roach x2  
  113  6:59  Overlord  
  117  7:02  Zerg Missile Weapons Level 2  
  117  7:05  Overlord  
  117  7:07  Roach x3  
  123  7:13  Roach x3  
  129  7:18  Roach x2  
  129  7:20  Roach  
  135  7:23  Unknown  
  135  7:25  Roach x3  
  141  7:30  Roach x2  
  141  7:35  Roach x3  
  151  7:41  Roach x3  
  151  7:42  Roach  
  159  7:46  Ravager  
  159  7:50  Overlord  
  152  8:04  Roach  
  152  8:05  Roach x3  
  150  8:16  Roach  
  150  8:19  Roach x11  
  158  8:26  Roach x3  
  154  8:32  Overseer  
  128  8:41  Roach x6  
  128  8:46  Roach x3  
  135  8:54  Roach x3  
  141  9:03  Roach x5  
  141  9:07  Overlord  
  151  9:10  Overseer  
  151  9:11  Drone x2  
  151  9:12  Drone x3  
  151  9:14  Drone  
  157  9:20  Zerg Ground Armor Level 1  
  157  9:24  Ravager  
  157  9:28  Extractor  
  157  9:31  Drone x3  
  160  9:32  Roach x5  
  160  9:37  Ravager  
  160  9:46  Roach  
  160  9:47  Roach x5  
  160  9:50  Ravager x2  
  172  9:54  Overlord  
  172  9:55  Overlord  
  172  10:02  Roach x2  
  176  10:16  Roach  
  176  10:17  Roach x7  
  192  10:23  Overlord  
  184  10:37  Roach  
  184  10:38  Roach x4  
  190  10:42  Ravager  
  190  10:43  Ravager x3  
  190  10:44  Roach x7  
  190  10:48  Roach x2  
  192  10:58  Roach x5  
  196  11:05  Roach x2  
  184  11:13  Roach x11  
  186  11:20  Roach x4  
  186  11:23  Roach x2  
  186  11:28  Roach x3  
  186  11:36  Roach x3  
  186  11:37  Roach  
  189  11:47  Ravager x3  
  191  11:52  Ravager  
  193  12:00  Roach  
  193  12:01  Roach x3  
  199  12:08  Roach x7  
  192  12:18  Roach x5  
  196  12:30  Ravager x2  
  196  12:40  Roach x6  
  184  12:47  Roach  
  184  12:48  Roach x8  
  200  12:59  Tunneling Claws  
  200  13:03  Burrow  
  198  13:15  Hatchery  
  170  13:24  Roach  
  170  13:25  Roach x13  
  177  13:39  Roach x9  
  167  13:49  Roach x6  
  167  13:55  Roach  
  152  14:02  Roach  
  152  14:03  Roach x5  
  158  14:10  Roach x4  
  158  14:13  Roach x8  
  158  14:16  Roach x18  
  172  14:23  Roach x3  
  159  14:33  Roach  
  159  14:34  Roach x4  
  159  14:38  Ravager x2  
  168  14:39  Ravager  
  168  14:40  Ravager  
  168  14:42  Roach x2  
  174  14:45  Roach x9  
Show
View Real Time Build Order
Export as new Build Order

Zanster Zerg 

Build Orders: Pool First 

Get SALT Encoding   

  12  0:00  Drone  
  13  0:13  Overlord  
  13  0:17  Drone  
  14  0:31  Drone x2  
  14  0:35  Drone  
  17  0:44  Spawning Pool  
  17  0:47  Drone  
  18  0:57  Drone  
  18  1:10  Hatchery  
  17  1:14  Extractor  
  16  1:30  Zergling x2  
  16  1:31  Zergling x4, Queen  
  21  1:41  Drone  
  22  1:52  Overlord  
  22  2:10  Queen  
  22  2:13  Drone  
  22  2:14  Drone  
  26  2:24  Drone  
  26  2:25  Drone  
  26  2:26  Metabolic Boost  
  30  2:33  Drone  
  30  2:36  Drone  
  32  2:39  Drone  
  32  2:40  Drone  
  32  2:42  Drone  
  34  2:48  Drone  
  34  2:49  Overlord  
  33  2:57  Zergling x2  
  32  2:59  Zergling x2  
  32  3:04  Hatchery  
  32  3:05  Drone  
  32  3:11  Drone  
  34  3:25  Zergling x16  
  42  3:30  Overlord  
  42  3:40  Roach Warren  
  42  3:41  Overlord  
  41  3:54  Overlord  
  41  4:12  Drone x8  
  41  4:14  Lair  
  41  4:16  Drone  
  50  4:18  Evolution Chamber  
  50  4:20  Drone  
  50  4:23  Overlord  
  50  4:25  Drone  
  50  4:26  Drone  
  52  4:34  Roach x3  
  58  4:41  Roach x3  
  58  4:45  Overlord  
  64  4:48  Zerg Missile Weapons Level 1  
  64  4:50  Extractor x2  
  62  4:52  Overlord  
  62  4:56  Drone  
  62  4:57  Drone x2  
  65  5:03  Roach x2  
  69  5:08  Drone  
  69  5:09  Drone x3  
  64  5:16  Roach x2  
  61  5:22  Roach x2  
  59  5:31  Drone  
  59  5:32  Drone x5  
  59  5:33  Drone  
  66  5:38  Glial Reconstitution  
  66  5:43  Queen  
  66  5:45  Roach  
  66  5:46  Roach  
  66  5:48  Overseer  
  72  5:54  Drone x4  
  76  5:57  Extractor  
  75  6:04  Overlord  
  75  6:08  Roach x3  
  75  6:09  Overlord  
  75  6:10  Overlord  
  81  6:14  Overlord  
  81  6:20  Drone  
  81  6:23  Drone x4  
  86  6:26  Drone  
  86  6:32  Overlord  
  87  6:38  Hatchery, Drone x5  
  91  6:40  Overlord  
  91  6:45  Zerg Missile Weapons Level 2  
  91  6:48  Drone x2, Evolution Chamber  
  92  6:55  Roach x5  
  104  7:01  Roach x3  
  104  7:03  Overlord  
  104  7:07  Extractor  
  107  7:09  Roach x3  
  107  7:12  Burrow  
  107  7:13  Tunneling Claws  
  113  7:20  Overlord, Zerg Ground Armor Level 1  
  113  7:26  Roach x3  
  113  7:28  Overlord  
  119  7:31  Overlord  
  119  7:33  Roach x2  
  123  7:38  Roach x3  
  129  7:45  Roach  
  129  7:46  Roach x4  
  129  7:47  Overlord  
  141  7:51  Roach x2  
  141  7:56  Roach x3  
  147  7:59  Queen  
  147  8:08  Roach  
  147  8:09  Roach x5  
  147  8:10  Roach x2  
  147  8:11  Roach x2  
  147  8:12  Roach x15  
  147  8:16  Roach x4  
  143  8:23  Roach  
  143  8:24  Roach x4  
  136  8:32  Roach x5  
  139  8:40  Queen  
  129  8:47  Queen, Roach x4  
  129  8:55  Roach x2  
  129  8:57  Drone x6  
  129  8:59  Drone  
  133  9:02  Drone  
  133  9:08  Overlord  
  133  9:14  Roach  
  133  9:15  Roach x9  
  133  9:16  Roach  
  149  9:21  Roach x2  
  153  9:25  Overlord  
  153  9:28  Roach  
  153  9:29  Roach  
  153  9:30  Roach x2  
  161  9:36  Roach x3  
  161  9:38  Roach  
  165  9:41  Roach x2  
  155  9:47  Roach x15  
  155  9:49  Roach  
  155  9:50  Roach x7  
  163  10:00  Roach  
  163  10:01  Roach x6  
  177  10:08  Roach x4  
  177  10:11  Overlord  
  177  10:14  Roach x2  
  189  10:20  Roach  
  191  10:23  Extractor  
  191  10:24  Hydralisk Den  
  189  10:29  Roach x4  
  189  10:31  Roach x20  
  189  10:35  Overlord  
  193  10:37  Roach x3  
  193  10:42  Roach  
  181  10:51  Roach x2  
  181  10:52  Roach x10  
  191  11:01  Roach  
  191  11:02  Roach x2  
  191  11:03  Overlord  
  179  11:08  Unknown x2  
  173  11:16  Roach x8  
  167  11:28  Roach x5  
  169  11:37  Roach x3  
  173  11:40  Roach x2  
  173  11:41  Roach x5  
  173  11:42  Roach  
  173  11:44  Zerg Ground Armor Level 2, Muscular Augments  
  173  11:45  Drone  
  173  11:46  Drone  
  175  11:52  Roach x4  
  183  12:01  Roach x3  
  188  12:06  Roach  
  186  12:09  Queen  
  186  12:11  Roach  
  186  12:12  Roach x5  
  200  12:16  Roach x30  
  200  12:26  Extractor  
  200  12:28  Lurker Den, Extractor  
  191  12:35  Hatchery  
  178  12:38  Hydralisk x4, Roach x9  
  178  12:42  Roach x6  
  184  12:50  Roach x6  
  186  12:57  Roach x3  
  188  13:09  Roach x6  
  158  13:20  Roach x4  
  160  13:27  Roach x6  
  160  13:32  Grooved Spines  
  162  13:38  Roach x6  
  163  13:47  Roach x3  
  149  13:50  Roach  
  149  13:51  Hydralisk  
  149  13:52  Hydralisk x2  
  141  14:03  Roach x4  
  141  14:07  Hatchery  
  138  14:12  Hydralisk x2  
  138  14:16  Roach  
  138  14:17  Roach  
  146  14:19  Unknown  
  146  14:23  Overseer x2  
  128  14:28  Roach x5  
  128  14:29  Roach x4  
  116  14:39  Roach  
  116  14:40  Roach x7  
  132  14:50  Roach x5  
Tags
 
Add a new tag
Caveats
  • Supply blocks, unpowered buildings, or Contaminate may cause inaccurate times.
  • Supply counts are checked every 10 seconds.